 Dungeon Crawl Stone Soup version 0.30-a0-953-g5f1da4a474 (webtiles) character file.

Game seed: 15510472999922337904

67 Newt the Shooter (level 4, 0/45 HPs)
             Began as a Kobold Hunter on Mar 28, 2023.
             Succumbed to an adder's poison
             ... on level 2 of the Dungeon.
             The game lasted 00:00:55 (1239 turns).

Newt the Shooter (Kobold Hunter)                    Turns: 1239, Time: 00:00:55

Health: 0/45       AC:  4    Str:  8    XL:     4   Next: 38%
Magic:  4/4        EV: 14    Int: 10    God:
Gold:   72         SH:  0    Dex: 20    Spells: 3/3 levels left

rFire   . . .      SeeInvis .    a - +0 shortbow
rCold   . . .      Faith    .    (shield currently unavailable)
rNeg    . . .      Spirit   .    c - +1 leather armour
rPois   .          Reflect  .    (no helmet)
rElec   .          Rampage  .    (no cloak)
rCorr   .                        (no gloves)
Will    .....                    (no boots) Stlth
                                 (no amulet)
HPRegen 0.27/turn                (no ring)
MPRegen 0.09/turn                (no ring)

@: berserking (expiring), lethally poisoned (0 -> -3), very quick
A: small, no large weapons, nightstalker 3
a: no special abilities


You were on level 2 of the Dungeon.
You visited 1 branch of the dungeon, and saw 2 of its levels.

You collected 72 gold pieces.

Inventory:

Hand Weapons
 a - a +0 shortbow (weapon)
Armour
 c - a +1 leather armour (worn)
Scrolls
 b - a scroll of immolation
 d - a scroll of fear
 h - 2 scrolls of teleportation
 i - 3 scrolls of identify {unknown}
 k - a scroll of summoning {unknown}
Potions
 e - a potion of might {unknown}
 f - 3 potions of berserk rage
 g - 3 potions of haste {unknown}
 j - a potion of heal wounds {unknown}


   Skills:
 + Level 4.7 Fighting
 - Level 5.3 Ranged Weapons
 - Level 2.4 Dodging
 - Level 1.3 Stealth


You had 3 spell levels left.
You didn't know any spells.
Your spell library contained the following spells:

 Spells                   Type           Power      Damage    Failure   Level
 Summon Guardian Golem    Hex/Summ       0%         N/A       86%         3
 Orb of Destruction       Conj           0%         9d5       100%        7
 Spellforged Servitor     Conj/Summ      0%         N/A       100%        7


Dungeon Overview and Level Annotations

Branches:
Dungeon (2/15)

Altars:

Annotations:
D:2 Jessica


Innate Abilities, Weirdness & Mutations

You are small and have problems with some larger weapons.
You are completely attuned to the shadows.


Message History

The adder is heavily wounded.
The adder closely misses you.
You clumsily bash the adder.
The adder is almost dead.
The adder bites you.
* * * LOW HITPOINT WARNING * * *
The adder bites you.
* * * LOW HITPOINT WARNING * * *
You are lethally poisoned!
The adder poisons you!
You clumsily bash the adder.
The adder is almost dead.
* * * LOW HITPOINT WARNING * * *
You feel sick. The adder barely misses you.
Unknown command.
You are too berserk!
Unknown command.
Unknown command.
Unknown command.
Unknown command.
You are too berserk!
Unknown command.
Unknown command.
You miss the adder.
The adder is almost dead.
* * * LOW HITPOINT WARNING * * *
You feel sick. The adder bites you but does no damage.
Unknown command.
Unknown command.
Unknown command.
You hit the adder!
You kill the adder!
* * * LOW HITPOINT WARNING * * *
You feel sick.
Unknown command.
Unknown command.
Unknown command.
You clumsily bash Jessica.
Jessica is severely wounded.
You die...

####.##....##...........
...........'..#####.....
......#....##.# #....##.
......#....##.# #.......
........#####.# #.......
.....##..####.# #....###
...†.##....##.# #.#..# #
.....##@##..#.# #....# #
.....##@###...###.#..###
.....#.......(.......##.
#..###.#.###..#.... #.##
#...# #.>.###
#.######.#####..###
#......†...........
........†.)......>....
......#.#.###.###.####
......#.#.# #.#.#


You could see Jessica.

Vanquished Creatures
  3 adders (D:2)
  A worm (D:2)
  A dart slug (D:1)
  2 bats (D:1)
  3 endoplasms
  A giant cockroach (D:2)
  6 goblins
  5 hobgoblins
  3 ball pythons (D:1)
  3 frilled lizards (D:1)
  4 kobolds (D:1)
  2 rats
34 creatures vanquished.

Notes
Turn   | Place    | Note
-------+----------+-------------------------------------------
     0 | D:1      | Newt the Kobold Hunter began the quest for the Orb.
     0 | D:1      | Reached XP level 1. HP: 12/12 MP: 1/1
   228 | D:1      | Reached XP level 2. HP: 18/18 MP: 2/2
   538 | D:1      | Reached XP level 3. HP: 23/23 MP: 3/3
  1149 | D:2      | Reached XP level 4. HP: 19/30 MP: 4/4
  1218 | D:2      | Noticed Jessica
  1238 | D:2      | HP: 2/45 [poisoned by an adder]
  1239 | D:2      | Succumbed to an adder's poison

Illustrated notes

Levels and vault maps discovered:
D:1:      evilmike_arrival_rings, layout_basic
D:2:      layout_basic, uniq_jessica

Skill      XL: |  1  2  3 |
---------------+----------+-----
Fighting       | 3 4 |  4.7
Ranged Weapons | |  5.3
Dodging        | |  2.4
Stealth        | |  1.3

Action                     |  1- 3 |  4- 6 || total
---------------------------+-------+-------++-------
  Melee: Shortbow          |       |     8 ||     8
   Fire: Shortbow          |    67 |     8 ||    75
    Use: Scroll            |     3 |       ||     3
         Potion            |       |     1 ||     1
 Armour: Leather armour    |     8 |     8 ||    16
  Dodge: Dodged            |    16 |    21 ||    37

Table legend: (Time is in decaauts)
 A = Elapsed time spent in this place.
 B = Non-inter-level travel time spent in this place.
 C = Inter-level travel time spent in this place.
 D = Time resting spent in this place.
 E = Time spent auto-exploring this place.
 F = Levels seen in this place.
 G = Mean time per level.
                   A        B        C        D        E       F      G
               +--------+--------+--------+--------+--------+-----+--------+
         Total |   1266 |   1252 |     14 |      0 |   1081 |   2 |  633.0 |
       Dungeon |   1266 |   1252 |     14 |      0 |   1081 |   2 |  633.0 |
               +--------+--------+--------+--------+--------+-----+--------+

Top non-repeatable levels by time:
     D:1: 776 daAuts
     D:2: 489 daAuts
